 Dungeon Crawl Stone Soup version 0.29.0-4-gdea44cf6ec (webtiles) character file.

Game seed: 13633255257864551856

20687 qw the Cleaver (level 12, -6/76 HPs)
             Began as a Gargoyle Fighter on Sept 6, 2022.
             Was a High Priest of Okawaru.
             Mangled by a spriggan defender zombie (10 damage)
             ... on level 1 of the Abyss.
             The game lasted 00:06:56 (15395 turns).

qw the Cleaver (Gargoyle Fighter)                  Turns: 15395, Time: 00:06:56

Health: -6/76      AC: 29    Str: 32    XL:     12   Next: 82%
Magic:  0/19       EV:  7    Int: 10    God:    Okawaru [*****.]
Gold:   715        SH:  9    Dex:  5    Spells: 11/11 levels left

rFire   + . .      SeeInvis .   v - +0 war axe (freeze)
rCold   . . .      Faith    .   a - +0 kite shield
rNeg    + + .      Spirit   .   h - +0 plate armour
rPois   inf        Reflect  .   t - +0 helmet
rElec   +          Harm     .   s - +0 cloak
rCorr   .          Rampage  .   j - +2 pair of gloves {infuse}
Will    .....                   (no boots)
Stlth   ..........              u - amulet of the acrobat
HPRegen 0.22/turn               f - ring "Vefuwkuo" {rF+ rN+ Str+2 Stlth+}
MPRegen 0.16/turn               l - +6 ring of strength

@: unable to read, unable to drink
A: sickness immunity, AC +8, negative energy resistance 1, electricity
resistance, torment resistance 1, petrification resistance, [clumsy 2],
[inability to drink after injury 2], [inability to read after injury 2]
a: Renounce Religion, Heroism, Finesse, Duel


You were on level 1 of the Abyss.
You worshipped Okawaru.
Okawaru was extremely pleased with you.
You visited 3 branches of the dungeon, and saw 13 of its levels.
You visited the Abyss 1 time.

You collected 715 gold pieces.


Innate Abilities, Weirdness & Mutations

You are immune to sickness and miasma.
Your stone body is resilient. (AC +8)
You are immune to poison.
You resist negative energy. (rN+)
You are resistant to electric shocks. (rElec)
You are resistant to unholy torment.
You are immune to petrification.
[You are very clumsy. (Dex -4)]
[You sometimes lose the ability to drink potions when taking damage.]
[You sometimes lose the ability to read scrolls when taking damage.]


   Skills:
 - Level 9.0 Fighting
 - Level 12.0 Axes
 - Level 1.4 Throwing
 + Level 8.8 Armour
 - Level 2.0 Dodging
 - Level 10.1 Shields
 + Level 9.7 Invocations


You had 11 spell levels left.
You didn't know any spells.
Your spell library was empty.

Inventory:

Hand Weapons
 v - a +0 war axe of freezing (weapon)
 w - a -2 demon whip of venom
Missiles
 q - 3 boomerangs (quivered)
Armour
 a - a +0 kite shield (worn)
 h - a +0 plate armour (worn)
 j - a +2 pair of gloves of infusion (worn)
 r - a +0 chain mail of fire resistance
 s - a +0 cloak (worn)
 t - a +0 helmet (worn)
Jewellery
 f - the ring "Vefuwkuo" (left hand) {rF+ rN+ Str+2 Stlth+}
   (You found it on level 2 of the Dungeon)

   [ring of protection from fire]

   Str:       It affects your strength (+2).
   rF:        It protects you from fire.
   rN:        It protects you from negative energy.
   Stlth:     It makes you more stealthy.
 l - a +6 ring of strength (right hand)
 n - a ring of fire
 u - an amulet of the acrobat (around neck)
 Y - a ring of protection from cold
Scrolls
 b - 3 scrolls of identify
 m - 5 scrolls of teleportation
 o - a scroll of blinking
Potions
 c - a potion of resistance
 d - 3 potions of might
 e - 2 potions of attraction
 g - 5 potions of curing
 i - 3 potions of haste
 k - 3 potions of heal wounds

Dungeon Overview and Level Annotations

Branches:
Dungeon (9/15)             Temple (1/1) D:5            Lair (3/5) D:9
  Swamp: Lair:2-3    Shoals: Lair:2-3     Snake: Lair:2-3    Spider: Lair:2-3
    Orc: D:9-12

Altars:
Ashenzari
Cheibriados
Dithmenos
Elyvilon
Fedhas
Gozag
Hepliaklqana
Kikubaaqudgha
Makhleb
Nemelex Xobeh
Okawaru
Qazlal
Ru
Sif Muna
Trog
Uskayaw
Vehumet
Wu Jian
Xom
Yredelemnul
Zin
The Shining One
Jiyva

Shops:
D:9 (

Annotations:
D:3 2 runed translucent doors, qw's ghost, amateur MiBe
D:4 2 transporters, qw's ghost, amateur GrBe
D:5 3 runed translucent doors, qw's ghost, amateur MiFi
D:6 2 runed translucent doors, qw's ghost, amateur BaCK
D:9 6 transporters
Lair:2 2 transporters
Lair:3 Sonja


Message History

You slash the spriggan defender zombie!
The spriggan defender zombie is heavily damaged.
You can read scrolls again.
The spriggan defender zombie hits you but does no damage.
You barely miss the spriggan defender zombie.
The spriggan defender zombie is heavily damaged.
You can drink potions again.
The spriggan defender zombie hits you but does no damage.
You closely miss the spriggan defender zombie.
The spriggan defender zombie is heavily damaged.
The spriggan defender zombie completely misses you.
The spriggan defender zombie hits you but does no damage.
You slash the spriggan defender zombie!
You freeze the spriggan defender zombie.
The spriggan defender zombie is severely damaged.
The spriggan defender zombie hits you but does no damage.
You barely miss the spriggan defender zombie.
The spriggan defender zombie is severely damaged.
The spriggan defender zombie hits you but does no damage.
The spriggan defender zombie barely misses you.
You barely miss the spriggan defender zombie.
The spriggan defender zombie is severely damaged.
You block the spriggan defender zombie's attack.
You slice the spriggan defender zombie!!
The spriggan defender zombie is severely damaged.
You block the spriggan defender zombie's attack.
The spriggan defender zombie hits you!
You feel threatened and lose the ability to read scrolls!
You feel threatened and lose the ability to drink potions!
You slash the spriggan defender zombie!
The spriggan defender zombie is almost destroyed.
The spriggan defender zombie closely misses you.
You miss the spriggan defender zombie.
The spriggan defender zombie is almost destroyed.
You block the spriggan defender zombie's attack.
You slash the spriggan defender zombie!
You freeze the spriggan defender zombie.
The spriggan defender zombie is almost destroyed.
The spriggan defender zombie hits you. The spriggan defender zombie hits you!
You die...

. # #'##. #
..#####
##.#.#.### .#
#......... .
####........ .
. #...........
#.#..@......#.
.
#.#..Z........
#. #..
#..........#.
#
.#.........###
. #
.........##
##......###
######..# # #
#..


You could see a spriggan defender zombie.

Vanquished Creatures
  6 hydras
  A death yak (Lair:2)
  Amaemon (Lair:2)
  A glowing orange brain (Abyss:1)
  Pikel (D:9)
  A black mamba (Lair:2)
  An orange demon (Lair:2)
  6 cane toads
  2 demonic crawlers
  5 komodo dragons (Lair:2)
  A troll (D:7)
  3 polar bears
  5 blink frogs
  A shadow (D:7)
  A wyvern (D:9)
  17 yaks
  2 basilisks (Lair:2)
  Menkaure (D:4)
  Duvessa (D:6)
  7 water moccasins
  4 black bears
  4 orc warriors
  2 centaurs
  6 wolves (Lair:3)
  2 ogres
  3 lemures (D:9)
  2 phantoms (D:4)
  2 kobold brigands
  9 bullfrogs
  3 gnoll sergeants
  2 necrophages (D:6)
  13 scorpions
  A water moccasin zombie (D:5)
  6 wights
  Dowan (D:6)
  3 killer bees (D:7)
  3 howler monkeys
  4 electric eels
  A bullfrog zombie (D:5)
  4 hounds
  2 bullfrog skeletons (D:5)
  2 orc priests (D:9)
  3 jellies (D:8)
  A gnoll bouda (D:9)
  3 iguanas (D:5)
  2 orc wizards (D:8)
  A hound skeleton (D:5)
  A howler monkey skeleton (D:5)
  6 adders
  21 gnolls
  A white imp (D:7)
  An ufetubus (D:6)
  4 worms
  5 dart slugs
  26 orcs
  10 ball pythons
  6 endoplasms
  5 giant cockroaches
  39 goblins
  28 hobgoblins
  6 jackals
  19 kobolds
  3 quokkas
  9 bats
  7 frilled lizards
  A goblin skeleton (D:3)
  3 rats
354 creatures vanquished.

Vanquished Creatures (others)
  An orc wizard (D:8)
  10 fungi
  19 plants
30 creatures vanquished.

Grand Total: 384 creatures vanquished

Notes
Turn   | Place    | Note
-------+----------+-------------------------------------------
     0 | D:1      | qw the Gargoyle Fighter began the quest for the Orb.
     0 | D:1      | Reached XP level 1. HP: 14/14 MP: 1/1
     0 | D:1      | 0 ||| qw: Version: 0.1-a-108-g9e35731
     0 | D:1      | 0 ||| qw: Game counter: 6396
     0 | D:1      | 0 ||| qw: Always use a shield: true
     0 | D:1      | 0 ||| qw: God list: Okawaru
     0 | D:1      | 0 ||| qw: Allow faded altars: false
     0 | D:1      | 0 ||| qw: Do Orc after D:15 true
     0 | D:1      | 0 ||| qw: Do second Lair branch before Depths: true
     0 | D:1      | 0 ||| qw: Lair rune preference: random
     0 | D:1      | 0 ||| qw: Plans: Normal, Zot, God:TSO, Crypt, Tomb, Zig,
                  | Orb
     0 | D:1      | 0 ||| PLANNING D:1-11
    66 | D:1      | Reached skill level 2 in Axes
   175 | D:1      | You fall into a shaft and drop 1 floor!
   284 | D:2      | 284 ||| READING scroll labelled UKUCOUS HUETE.
   288 | D:2      | 288 ||| DRINKING 2 clear potions.
   289 | D:2      | 289 ||| DRINKING 2 puce potions.
   290 | D:2      | 290 ||| DROPPING potion of flight.
   294 | D:2      | 294 ||| Stepping ~*~*~tactically~*~*~ (stealth).
   301 | D:2      | Reached XP level 2. HP: 19/19 MP: 2/2
   312 | D:2      | 312 ||| READING scroll labelled NUPUMP PE JIOMA.
   313 | D:2      | 313 ||| Stepping randomly (stuck).
   324 | D:2      | 324 ||| Stepping randomly (stuck).
   325 | D:2      | 325 ||| Stepping randomly (stuck).
   326 | D:2      | 326 ||| Stepping randomly (stuck).
   327 | D:2      | 327 ||| Stepping randomly (stuck).
   328 | D:2      | 328 ||| Stepping randomly (stuck).
   329 | D:2      | 329 ||| Stepping randomly (stuck).
   330 | D:2      | 330 ||| Stepping randomly (stuck).
   331 | D:2      | 331 ||| Stepping randomly (stuck).
   332 | D:2      | 332 ||| Stepping randomly (stuck).
   333 | D:2      | 333 ||| Stepping randomly (stuck).
   367 | D:2      | Identified the ring "Vefuwkuo" {rF+ rN+ Str+2 Stlth+}
   371 | D:2      | 371 ||| UPGRADING to ring "Vefuwkuo" {rF+ rN+ Str+2
                  | Stlth+}.
   372 | D:2      | 372 ||| READING scroll labelled WUUF NEFFADAOGGE.
   373 | D:2      | 373 ||| Stepping randomly (stuck).
   374 | D:2      | 374 ||| Stepping randomly (stuck).
   375 | D:2      | 375 ||| Stepping randomly (stuck).
   376 | D:2      | 376 ||| Stepping randomly (stuck).
   430 | D:2      | 430 ||| DROPPING +0 club.
   444 | D:2      | 444 ||| Stepping ~*~*~tactically~*~*~ (stealth).
   445 | D:2      | 445 ||| Stepping ~*~*~tactically~*~*~ (stealth).
   500 | D:2      | Reached skill level 3 in Axes
   500 | D:2      | Reached XP level 3. HP: 17/23 MP: 3/3
   686 | D:2      | 686 ||| UPGRADING to +0 plate armour.
   696 | D:2      | 696 ||| DROPPING +0 scale mail.
   697 | D:2      | 697 ||| DRINKING 2 red potions.
  1358 | D:1      | 1358 ||| UPGRADING to +0 pair of gloves.
  1363 | D:1      | 1363 ||| READING 2 scrolls labelled OXZOBUNUMNO.
  1364 | D:1      | 1364 ||| READING scroll labelled KARHAC YGOUHE.
  1365 | D:1      | 1365 ||| READING scroll labelled HUQOERGHIQIU.
  1466 | D:2      | Reached skill level 4 in Axes
  1466 | D:2      | Reached XP level 4. HP: 28/28 MP: 4/4
  1480 | D:2      | 1480 ||| Stepping ~*~*~tactically~*~*~ (stealth).
  1786 | D:2      | Found an ancient bone altar of Kikubaaqudgha.
  1873 | D:2      | 1873 ||| READING scroll labelled HIGGEOR FEXAITS.
  1874 | D:2      | 1874 ||| READING 2 scrolls of identify.
  1874 | D:2      | 1874 ||| IDENTIFYING emerald potion
  2025 | D:3      | Found a glowing silver altar of Zin.
  2039 | D:3      | 2039 ||| READING scroll of teleportation.
  2045 | D:3      | Reached XP level 5. HP: 32/32 MP: 5/5
  2073 | D:3      | HP: 4/32 [gnoll/+0 whip (6)]
  2358 | D:3      | 2358 ||| READING scroll of enchant weapon.
  2358 | D:3      | 2358 ||| ENCHANTING +1 war axe.
  2396 | D:3      | Reached skill level 5 in Axes
  2414 | D:3      | Found a shimmering altar of Xom.
  2475 | D:3      | Found a runed translucent door.
  2475 | D:3      | Noticed a human
  2479 | D:3      | Found a basalt altar of Yredelemnul.
  2481 | D:3      | 2481 ||| UPGRADING to +2 pair of gloves of infusion.
  2492 | D:3      | 2492 ||| DROPPING +0 pair of gloves.
  2604 | D:3      | Found a runed translucent door.
  2645 | D:3      | Noticed qw's ghost (amateur MiBe)
  2844 | D:3      | Found a faded altar of an unknown god.
  2903 | D:3      | Found a stormy altar of Qazlal.
  3053 | D:3      | 3053 ||| READING 2 scrolls of identify.
  3053 | D:3      | 3053 ||| IDENTIFYING fizzy clear potion
  3111 | D:4      | Reached XP level 6. HP: 38/38 MP: 2/6
  3352 | D:4      | Reached skill level 6 in Axes
  3352 | D:4      | Reached XP level 7. HP: 41/43 MP: 0/7
  3440 | D:4      | 3440 ||| Stepping ~*~*~tactically~*~*~ (stealth).
  3553 | D:4      | Found a transporter.
  3597 | D:4      | Reached skill level 7 in Axes
  3700 | D:4      | Reached skill level 1 in Dodging
  3745 | D:4      | Noticed Menkaure
  3755 | D:4      | Killed Menkaure
  3789 | D:4      | 3789 ||| FLEEEEING.
  3790 | D:4      | 3790 ||| FLEEEEING.
  3791 | D:4      | 3791 ||| FLEEEEING.
  3792 | D:4      | 3792 ||| FLEEEEING.
  3793 | D:4      | 3793 ||| FLEEEEING.
  3794 | D:4      | 3794 ||| FLEEEEING.
  3795 | D:4      | 3795 ||| FLEEEEING.
  3797 | D:4      | 3797 ||| FLEEEEING.
  3798 | D:4      | 3798 ||| FLEEEEING.
  3799 | D:4      | 3799 ||| FLEEEEING.
  3807 | D:4      | 3807 ||| FLEEEEING.
  3808 | D:4      | 3808 ||| FLEEEEING.
  3809 | D:4      | 3809 ||| FLEEEEING.
  3810 | D:4      | 3810 ||| FLEEEEING.
  3811 | D:4      | 3811 ||| FLEEEEING.
  3812 | D:4      | 3812 ||| FLEEEEING.
  3813 | D:4      | 3813 ||| FLEEEEING.
  3814 | D:4      | 3814 ||| FLEEEEING.
  3815 | D:4      | 3815 ||| FLEEEEING.
  3816 | D:4      | 3816 ||| FLEEEEING.
  3817 | D:4      | 3817 ||| FLEEEEING.
  3818 | D:4      | 3818 ||| FLEEEEING.
  3819 | D:4      | 3819 ||| FLEEEEING.
  3821 | D:4      | 3821 ||| FLEEEEING.
  3822 | D:4      | 3822 ||| FLEEEEING.
  3824 | D:4      | 3824 ||| FLEEEEING.
  3825 | D:4      | 3825 ||| FLEEEEING.
  3826 | D:4      | 3826 ||| FLEEEEING.
  3827 | D:4      | 3827 ||| STAIRDANCE
  4010 | D:3      | 4010 ||| UPGRADING to +0 cloak.
  4015 | D:3      | 4015 ||| UPGRADING to +0 helmet.
  4020 | D:3      | 4020 ||| READING scroll labelled PINECK RUJAL.
  4105 | D:4      | Identified the +1 robe of Dishonour {rElec rPois Will+}
  4107 | D:4      | Noticed qw's ghost (amateur GrBe)
  4117 | D:4      | Found a transporter.
  4192 | D:4      | Found a sparkling altar of Nemelex Xobeh.
  4195 | D:4      | Found a sacrificial altar of Ru.
  4214 | D:4      | Identified the +2 robe of Magic {Contam Str+5}
  4482 | D:4      | 4482 ||| READING 2 scrolls of identify.
  4482 | D:4      | 4482 ||| IDENTIFYING blue potion
  4483 | D:4      | 4483 ||| DROPPING potion of berserk rage.
  4540 | D:5      | Entered Level 5 of the Dungeon
  4542 | D:5      | 4542 ||| Stepping ~*~*~tactically~*~*~ (stealth).
  4556 | D:5      | Reached XP level 8. HP: 37/49 MP: 0/8
  4562 | D:5      | 4562 ||| FLEEEEING.
  4563 | D:5      | 4563 ||| STAIRDANCE
  4648 | D:5      | 4648 ||| Stepping ~*~*~tactically~*~*~ (stealth).
  4651 | D:5      | 4651 ||| Stepping ~*~*~tactically~*~*~ (stealth).
  4652 | D:5      | 4652 ||| Stepping ~*~*~tactically~*~*~ (stealth).
  4658 | D:5      | 4658 ||| Stepping ~*~*~tactically~*~*~ (stealth).
  4659 | D:5      | 4659 ||| Stepping ~*~*~tactically~*~*~ (stealth).
  4660 | D:5      | 4660 ||| Stepping ~*~*~tactically~*~*~ (hiding).
  4701 | D:5      | 4701 ||| Stepping ~*~*~tactically~*~*~ (stealth).
  4702 | D:5      | 4702 ||| Stepping ~*~*~tactically~*~*~ (stealth).
  4712 | D:5      | 4712 ||| FLEEEEING.
  4713 | D:5      | 4713 ||| FLEEEEING.
  4714 | D:5      | 4714 ||| FLEEEEING.
  4715 | D:5      | 4715 ||| FLEEEEING.
  4716 | D:5      | 4716 ||| FLEEEEING.
  4718 | D:5      | 4718 ||| STAIRDANCE
  4762 | D:5      | 4762 ||| DROPPING +0 whip.
  4772 | D:5      | 4772 ||| Stepping ~*~*~tactically~*~*~ (stealth).
  4846 | D:5      | 4846 ||| Stepping ~*~*~tactically~*~*~ (stealth).
  4865 | D:5      | 4865 ||| Stepping ~*~*~tactically~*~*~ (stealth).
  4879 | D:5      | 4879 ||| Stepping ~*~*~tactically~*~*~ (stealth).
  4881 | D:5      | 4881 ||| Stepping ~*~*~tactically~*~*~ (stealth).
  5046 | D:5      | Found a runed translucent gate.
  5046 | D:5      | Noticed qw's ghost (amateur MiFi)
  5047 | D:5      | Found a runed translucent gate.
  5048 | D:5      | Found a runed translucent gate.
  5150 | D:5      | Reached skill level 8 in Axes
  5221 | D:5      | Found a shadowy altar of Dithmenos.
  5246 | D:5      | Found an ancient bone altar of Kikubaaqudgha.
  5254 | D:5      | Identified the +3 leather armour of the Blue Skies {Fly
                  | Will- rCorr}
  5336 | D:5      | Reached skill level 6 in Fighting
  5353 | D:5      | Found an ornate altar of the Wu Jian Council.
  5471 | D:5      | Found a staircase to the Ecumenical Temple.
  5472 | D:5      | 5472 ||| PLANNING TEMPLE
  5484 | D:5      | 5484 ||| UPGRADING to +0 kite shield.
  5494 | D:5      | 5494 ||| DROPPING +0 buckler.
  5495 | D:5      | 5495 ||| DROPPING +2 pair of gloves.
  5502 | Temple   | Entered the Ecumenical Temple
  5646 | Temple   | 5646 ||| PLANNING D:1-11
  5831 | D:6      | Found a large runed translucent door.
  5831 | D:6      | Found a large runed translucent door.
  5836 | D:6      | Noticed qw's ghost (amateur BaCK)
  5871 | D:6      | Found a radiant altar of Vehumet.
  5886 | D:6      | 5886 ||| Stepping ~*~*~tactically~*~*~ (stealth).
  5911 | D:6      | 5911 ||| Stepping ~*~*~tactically~*~*~ (stealth).
  5940 | D:6      | 5940 ||| Stepping ~*~*~tactically~*~*~ (stealth).
  5957 | D:6      | 5957 ||| Stepping ~*~*~tactically~*~*~ (stealth).
  5958 | D:6      | 5958 ||| Stepping ~*~*~tactically~*~*~ (stealth).
  5959 | D:6      | 5959 ||| Stepping ~*~*~tactically~*~*~ (stealth).
  5967 | D:6      | 5967 ||| Stepping ~*~*~tactically~*~*~ (stealth).
  6242 | D:6      | Reached XP level 9. HP: 55/55 MP: 5/9
  6449 | D:6      | 6449 ||| Stepping ~*~*~tactically~*~*~ (water).
  6456 | D:6      | Reached skill level 6 in Shields
  6544 | D:6      | Noticed Dowan
  6546 | D:6      | Noticed Duvessa
  6556 | D:6      | Killed Dowan
  6565 | D:6      | Killed Duvessa
  6877 | D:6      | 6877 ||| Stepping ~*~*~tactically~*~*~ (stealth).
  6888 | D:6      | 6888 ||| Stepping ~*~*~tactically~*~*~ (stealth).
  7044 | D:6      | 7044 ||| Stepping ~*~*~tactically~*~*~ (hiding).
  7444 | D:6      | Found a glowing golden altar of the Shining One.
  7779 | D:6      | 7779 ||| READING scroll labelled ZIWAYSTRUECS.
  7779 | D:6      | Identified a scroll of acquirement
  7779 | D:6      | 7779 ||| ACQUIRING +0 war axe of freezing
  7779 | D:6      | Acquired a +0 war axe of freezing
  7781 | D:6      | 7781 ||| SWAPPING to +0 war axe of freezing.
  7782 | D:6      | 7782 ||| DROPPING +2 war axe.
  7809 | D:7      | Noticed a troll
  7817 | D:7      | Killed a troll
  8082 | D:7      | Found a blossoming altar of Fedhas.
  8244 | D:7      | Found a white marble altar of Elyvilon.
  8335 | D:7      | Reached skill level 1 in Throwing
  8572 | D:7      | Reached skill level 9 in Axes
  8643 | D:7      | 8643 ||| DROPPING +0 flail.
  8644 | D:7      | 8644 ||| UPGRADING to amulet of the acrobat.
  8649 | D:7      | 8649 ||| UPGRADING to ring of protection from cold.
  8650 | D:7      | 8650 ||| READING 2 scrolls of identify.
  8650 | D:7      | 8650 ||| IDENTIFYING fizzy puce potion
  8651 | D:7      | 8651 ||| DROPPING potion of degeneration.
  8736 | D:8      | 8736 ||| Stepping ~*~*~tactically~*~*~ (stealth).
  8738 | D:8      | 8738 ||| Stepping ~*~*~tactically~*~*~ (stealth).
  8740 | D:8      | 8740 ||| Stepping ~*~*~tactically~*~*~ (stealth).
  8741 | D:8      | 8741 ||| Stepping ~*~*~tactically~*~*~ (stealth).
  8742 | D:8      | 8742 ||| Stepping ~*~*~tactically~*~*~ (stealth).
  8743 | D:8      | 8743 ||| Stepping ~*~*~tactically~*~*~ (stealth).
  8873 | D:8      | Reached skill level 6 in Armour
  8873 | D:8      | Reached XP level 10. HP: 58/60 MP: 6/10
  9030 | D:8      | 9030 ||| Stepping ~*~*~tactically~*~*~ (stealth).
  9036 | D:8      | 9036 ||| Stepping ~*~*~tactically~*~*~ (stealth).
  9037 | D:8      | 9037 ||| Stepping ~*~*~tactically~*~*~ (stealth).
  9038 | D:8      | 9038 ||| Stepping ~*~*~tactically~*~*~ (hiding).
  9064 | D:8      | 9064 ||| Stepping ~*~*~tactically~*~*~ (stealth).
  9176 | D:8      | 9176 ||| Stepping ~*~*~tactically~*~*~ (hiding).
  9178 | D:8      | 9178 ||| Stepping ~*~*~tactically~*~*~ (hiding).
  9269 | D:8      | 9269 ||| Stepping ~*~*~tactically~*~*~ (stealth).
  9270 | D:8      | 9270 ||| Stepping ~*~*~tactically~*~*~ (stealth).
  9272 | D:8      | Found a viscous altar of Jiyva.
  9479 | D:8      | Found an iron altar of Okawaru.
  9485 | D:8      | Became a worshipper of Warmaster Okawaru
  9893 | D:8      | 9893 ||| READING scroll labelled FIJOSO RACWEUMM.
  9894 | D:8      | 9894 ||| READING scroll labelled JOUNELUOMUM.
  9925 | D:9      | 9925 ||| Stepping ~*~*~tactically~*~*~ (hiding).
  9927 | D:9      | 9927 ||| Stepping ~*~*~tactically~*~*~ (hiding).
  9966 | D:9      | Reached skill level 9 in Shields
 10060 | D:9      | 10060 ||| Stepping ~*~*~tactically~*~*~ (stealth).
 10064 | D:9      | 10064 ||| Stepping ~*~*~tactically~*~*~ (stealth).
 10065 | D:9      | 10065 ||| Stepping ~*~*~tactically~*~*~ (stealth).
 10110 | D:9      | Noticed Pikel
 10111 | D:9      | 10111 ||| Stepping ~*~*~tactically~*~*~ (hiding).
 10113 | D:9      | 10113 ||| Stepping ~*~*~tactically~*~*~ (hiding).
 10114 | D:9      | 10114 ||| Stepping ~*~*~tactically~*~*~ (hiding).
 10137 | D:9      | Killed Pikel
 10186 | D:9      | Found a transporter.
 10286 | D:9      | Found the +4 dagger "Morg" {pain, Will+ Int+5}
 10289 | D:9      | 10289 ||| Stepping ~*~*~tactically~*~*~ (hiding).
 10290 | D:9      | 10290 ||| Stepping ~*~*~tactically~*~*~ (hiding).
 10307 | D:9      | Reached * piety under Okawaru
 10308 | D:9      | 10308 ||| INVOKING Heroism.
 10309 | D:9      | 10309 ||| INVOKING Heroism.
 10333 | D:9      | Reached skill level 1 in Invocations
 10356 | D:9      | 10356 ||| INVOKING Heroism.
 10361 | D:9      | Reached skill level 10 in Axes
 10526 | D:9      | Found a staircase to the Lair.
 10551 | D:9      | Found a transporter.
 10555 | D:9      | Found a transporter.
 10564 | D:9      | Found a transporter.
 10569 | D:9      | Found a transporter.
 10582 | D:9      | 10582 ||| INVOKING Heroism.
 10686 | D:9      | 10686 ||| INVOKING Heroism.
 10688 | D:9      | 10688 ||| Stepping ~*~*~tactically~*~*~ (stealth).
 10713 | D:9      | Reached skill level 3 in Invocations
 10721 | D:9      | Reached ** piety under Okawaru
 10877 | D:9      | 10877 ||| DROPPING +1 vorpal flail.
 10879 | D:9      | Found an opulent altar of Gozag.
 10915 | D:9      | Found Emesupack's Weapon Shoppe.
 10923 | D:9      | 10923 ||| SHOPLISTING +10 mace of Entrepreneurial Spirit
                  | {antimagic, rC++ Str-5 Dex+7} (1140 gold, have 532).
 10923 | D:9      | 10923 ||| SHOPLISTING +9 broad axe "Hoellesk" {vorpal,
                  | rCorr} (826 gold, have 532).
 10948 | D:9      | Found a transporter.
 11097 | D:9      | 11097 ||| Stepping ~*~*~tactically~*~*~ (hiding).
 11101 | D:9      | 11101 ||| INVOKING Heroism.
 11293 | D:9      | Found a hide-covered altar of Uskayaw.
 11306 | D:9      | 11306 ||| PLANNING LAIR
 11356 | Lair:1   | Entered Level 1 of the Lair of Beasts
 11357 | Lair:1   | 11357 ||| INVOKING Heroism.
 11514 | Lair:1   | Reached XP level 11. HP: 65/68 MP: 11/14
 11681 | Lair:1   | 11681 ||| INVOKING Heroism.
 11799 | Lair:1   | Identified the +1 leather armour of Focus {Drain rN+
                  | Slay+2}
 11827 | Lair:1   | Noticed a five-headed hydra
 11828 | Lair:1   | 11828 ||| INVOKING Heroism.
 11833 | Lair:1   | 11833 ||| SWAPPING to +0 vampiric whip.
 11851 | Lair:1   | Killed a five-headed hydra
 11851 | Lair:1   | Reached *** piety under Okawaru
 11852 | Lair:1   | 11852 ||| SWAPPING to +0 war axe of freezing.
 11980 | Lair:1   | Noticed a five-headed hydra
 11981 | Lair:1   | 11981 ||| INVOKING Heroism.
 11984 | Lair:1   | 11984 ||| SWAPPING to +0 vampiric whip.
 11999 | Lair:1   | Killed a five-headed hydra
 12000 | Lair:1   | Reached skill level 11 in Axes
 12000 | Lair:1   | 12000 ||| SWAPPING to +0 war axe of freezing.
 12212 | Lair:1   | 12212 ||| INVOKING Heroism.
 12490 | Lair:1   | 12490 ||| READING 2 scrolls labelled FUZXAELUMU.
 12491 | Lair:1   | 12491 ||| READING scroll labelled XOERIPIXIRGH.
 12492 | Lair:1   | 12492 ||| READING 2 scrolls of identify.
 12492 | Lair:1   | 12492 ||| IDENTIFYING fizzy ruby potion
 12493 | Lair:1   | 12493 ||| DROPPING scroll of poison.
 12506 | Lair:2   | Found a transporter.
 12596 | Lair:2   | 12596 ||| Stepping ~*~*~tactically~*~*~ (stealth).
 12609 | Lair:2   | 12609 ||| INVOKING Heroism.
 12686 | Lair:2   | Noticed an eight-headed hydra
 12687 | Lair:2   | 12687 ||| INVOKING Heroism.
 12690 | Lair:2   | 12690 ||| SWAPPING to +0 vampiric whip.
 12698 | Lair:2   | Killed an eight-headed hydra
 12698 | Lair:2   | Reached **** piety under Okawaru
 12699 | Lair:2   | 12699 ||| SWAPPING to +0 war axe of freezing.
 12766 | Lair:2   | Noticed a five-headed hydra
 12767 | Lair:2   | 12767 ||| INVOKING Heroism.
 12771 | Lair:2   | 12771 ||| SWAPPING to +0 vampiric whip.
 12788 | Lair:2   | Killed a five-headed hydra
 12789 | Lair:2   | 12789 ||| SWAPPING to +0 war axe of freezing.
 12964 | Lair:2   | Found a transporter.
 12968 | Lair:2   | Found the macabre finger necklace {rN+}
 12989 | Lair:2   | 12989 ||| Stepping ~*~*~tactically~*~*~ (stealth).
 12993 | Lair:2   | 12993 ||| INVOKING Heroism.
 13398 | Lair:2   | Noticed Amaemon
 13400 | Lair:2   | 13400 ||| INVOKING Heroism.
 13416 | Lair:2   | Killed Amaemon
 13416 | Lair:2   | Reached ***** piety under Okawaru
 13528 | Lair:2   | 13528 ||| DROPPING +0 vampiric whip.
 13551 | Lair:2   | 13551 ||| INVOKING Heroism.
 13558 | Lair:2   | Reached skill level 6 in Invocations
 13579 | Lair:2   | 13579 ||| INVOKING Heroism.
 13583 | Lair:2   | Reached XP level 12. HP: 66/75 MP: 7/16
 13796 | Lair:2   | 13796 ||| INVOKING Heroism.
 13804 | Lair:2   | Reached skill level 9 in Fighting
 13859 | Lair:2   | Noticed a death yak
 13860 | Lair:2   | 13860 ||| INVOKING Heroism.
 13861 | Lair:2   | 13861 ||| INVOKING Finesse.
 13862 | Lair:2   | 13862 ||| INVOKING Finesse.
 13941 | Lair:2   | 13941 ||| INVOKING Heroism.
 13942 | Lair:2   | 13942 ||| INVOKING Finesse.
 13954 | Lair:2   | Killed a death yak
 14080 | Lair:2   | Noticed a five-headed hydra
 14081 | Lair:2   | 14081 ||| Stepping ~*~*~tactically~*~*~ (hiding).
 14082 | Lair:2   | 14082 ||| INVOKING Heroism.
 14083 | Lair:2   | 14083 ||| SWAPPING to -2 demon whip of venom.
 14084 | Lair:2   | 14084 ||| INVOKING Finesse.
 14090 | Lair:2   | Killed a five-headed hydra
 14091 | Lair:2   | 14091 ||| SWAPPING to +0 war axe of freezing.
 14311 | Lair:2   | 14311 ||| READING scroll labelled MUOLYN FYIZURGH.
 14312 | Lair:2   | 14312 ||| DRINKING 2 viscous yellow potions.
 14313 | Lair:2   | 14313 ||| DROPPING potion of brilliance.
 14343 | Lair:3   | 14343 ||| Stepping ~*~*~tactically~*~*~ (stealth).
 14349 | Lair:3   | 14349 ||| INVOKING Heroism.
 14362 | Lair:3   | 14362 ||| Stepping ~*~*~tactically~*~*~ (stealth).
 14374 | Lair:3   | 14374 ||| Stepping ~*~*~tactically~*~*~ (stealth).
 14375 | Lair:3   | 14375 ||| Stepping ~*~*~tactically~*~*~ (stealth).
 14411 | Lair:3   | 14411 ||| FLEEEEING.
 14412 | Lair:3   | 14412 ||| STAIRDANCE
 14595 | Lair:3   | 14595 ||| Stepping ~*~*~tactically~*~*~ (stealth).
 14597 | Lair:3   | 14597 ||| INVOKING Heroism.
 14609 | Lair:3   | Identified the +8 demon blade of Karma {venom, Dex+2}
                  | (Okawaru gifted it to you on level 3 of the Lair of Beasts)
 14609 | Lair:3   | Received a gift from Okawaru
 14677 | Lair:3   | 14677 ||| INVOKING Heroism.
 14691 | Lair:3   | Reached skill level 12 in Axes
 14697 | Lair:3   | 14697 ||| Stepping ~*~*~tactically~*~*~ (stealth).
 14703 | Lair:3   | Reached skill level 9 in Invocations
 14847 | Lair:3   | 14847 ||| INVOKING Heroism.
 14950 | Lair:3   | 14950 ||| INVOKING Heroism.
 14951 | Lair:3   | 14951 ||| INVOKING Finesse.
 15013 | Lair:3   | Noticed a four-headed hydra
 15014 | Lair:3   | 15014 ||| INVOKING Heroism.
 15015 | Lair:3   | 15015 ||| INVOKING Finesse.
 15017 | Lair:3   | 15017 ||| SWAPPING to -2 demon whip of venom.
 15027 | Lair:3   | Killed a four-headed hydra
 15028 | Lair:3   | 15028 ||| SWAPPING to +0 war axe of freezing.
 15054 | Lair:3   | Noticed Sonja
 15097 | Lair:3   | 15097 ||| INVOKING Finesse.
 15126 | Abyss:1  | Cast into level 1 of the Abyss (Sonja)
 15127 | Abyss:1  | 15127 ||| UPGRADING to +6 ring of strength.
 15343 | Abyss:1  | Noticed a wretched star
 15347 | Abyss:1  | 15347 ||| INVOKING Heroism.
 15359 | Abyss:1  | 15359 ||| DRINKING 6 potions of curing.
 15359 | Abyss:1  | 15359 ||| (to cure confusion)
 15378 | Abyss:1  | HP: 19/76 [spriggan defender zombie (8)]
 15392 | Abyss:1  | HP: 6/76 [spriggan defender zombie (16)]
 15395 | Abyss:1  | Mangled by a spriggan defender zombie

Levels and vault maps discovered:
D:1:      roderic_crop_circles_arrival_small, layout_basic, nicolae_hexahallways
D:2:      layout_loops_ring, basic_altar, minmay_nonomino_d4
D:3:      layout_basic, lemuel_doored_altar, mainiacjoe_overflow_paths,
          mainiacjoe_overflow_boulevard, dk_yredelemnul_ordeal,
          ebering_ghost_sewer_d, basic_ecumenical_altar
D:4:      layout_basic, mainiacjoe_overflow_large_starburst,
          gammafunk_ghost_stat_death, uniq_menkaure
D:5:      layout_cave_pools, nzn_wu_jian_council_hall,
          overflow_temple_1_default, nicolae_dithmenos_shadow_blocks,
          minmay_temple_entry_enclosed_plants, serial_undead, serial_undead_c,
          serial_undead_b, serial_undead_c, serial_undead_b,
          biasface_ghost_orc_armoury, kennysheep_boxes
D:6:      minmay_goblin_kobold_castle, layout_loops_ring, lemuel_tele_altar,
          fiery_altar_vehumet, ebering_ghost_disaster_area, uniq_duvessa
D:7:      layout_basic, mainiacjoe_overflow_tiny_flanked,
          nicolae_elyvilon_peaceful_grove
D:8:      layout_loops_corners, lemuel_crystal_altar, serial_glass,
          glass_columns_c, glass_columns_c, glass_columns_c, glass_columns_a,
          jiyva_altar_1
D:9:      layout_roguey, lemuel_round_altar, nicolae_gozag_seed_capital,
          david_lair_generic, serial_shops, nicolae_square_shop, st_stairs_6,
          serial_nicolae_subway, nicolae_sub_station_metal,
          nicolae_sub_station_stone, nicolae_sub_station_crystal, uniq_pikel
Temple:   hellmonk_temple_flake
Lair:1:   layout_roguey
Lair:2:   gammafunk_cloud_chamber, layout_chaotic_city,
          nicolae_lair_lakeside_cave, uniq_amaemon
Lair:3:   layout_chaotic_city, swamp_mist_pool,
          nicolae_spider_entry_non_spiders, minmay_lair_oklob_items, uniq_sonja
Abyss:1:  base:
D:9

Skill      XL: |  1  2  3  4  5  6  7  8  9 10 11 12 |
---------------+-------------------------------------+-----
Axes           | 2 3 4 5 6 7 8 9 10 11 12 | 12.0
Fighting       | 4 5 6 7 8 9 |  9.0
Dodging        | 1 2 |  2.0
Armour         | 4 5 6 7 8 |  8.8
Shields        | 4 8 9 10 | 10.1
Throwing       | 1 |  1.4
Invocations    | 4 6 9 |  9.7

Action                   |  1- 3 |  4- 6 |  7- 9 | 10-12 || total
-------------------------+-------+-------+-------+-------++-------
Melee: War axe           |   114 |   125 |   356 |   489 ||  1084
       Whip              |       |       |       |    55 ||    55
       Demon whip        |       |       |       |    14 ||    14
Throw: Boomerang         |       |     2 |    14 |    82 ||    98
Invok: Heroism           |       |       |       |    28 ||    28
       Finesse           |       |       |       |     6 ||     6
  Use: Potion            |     3 |       |       |     2 ||     5
       Scroll            |     6 |     5 |     4 |     6 ||    21
 Stab: Distracted        |       |       |     1 |       ||     1
Armor: Scale mail        |    28 |       |       |       ||    28
       Plate armour      |    24 |    78 |   271 |   314 ||   687
Dodge: Dodged            |    48 |    26 |    91 |   136 ||   301
Block: Buckler           |    22 |    25 |    26 |       ||    73
       Kite shield       |       |       |   110 |   265 ||   375

Table legend:
 A = Non-vault XP
 B = Vault XP
 C = Vault XP percentage of total XP
 D = Non-vault monster count
 E = Vault monster count
 F = Vault count percentage of total count
                 A         B        C        D         E       F
            +---------+---------+-------+---------+---------+-------
      Total |   19622 |    9932 |  33.6 |     239 |     113 |  32.1
            +---------+---------+-------+---------+---------+-------
        D:1 |      30 |       0 |   0.0 |      18 |       0 |   0.0
        D:2 |     116 |       9 |   7.2 |      29 |       4 |  12.1
        D:3 |     112 |       1 |   0.9 |      28 |       1 |   3.4
        D:4 |     694 |     172 |  19.9 |      22 |       1 |   4.3
        D:5 |     783 |     246 |  23.9 |      20 |       6 |  23.1
        D:6 |     689 |     414 |  37.5 |      16 |      64 |  80.0
        D:7 |    1206 |       0 |   0.0 |      16 |       0 |   0.0
        D:8 |     905 |     130 |  12.6 |      22 |       3 |  12.0
        D:9 |    1873 |    1315 |  41.2 |      22 |       6 |  21.4
     Lair:1 |    3798 |       0 |   0.0 |      11 |       0 |   0.0
     Lair:2 |    3918 |    6921 |  63.9 |      13 |      20 |  60.6
     Lair:3 |    4430 |     724 |  14.0 |      20 |       8 |  28.6
    Abyss:1 |    1068 |       0 |   0.0 |       2 |       0 |   0.0
            +---------+---------+-------+---------+---------+-------
